 Dungeon Crawl Stone Soup version 0.18-a0-373-gaf408bd (webtiles) character file.

50 Duffy the Insei (level 3, 0/23 HPs)
             Began as an Octopode Transmuter on Nov 29, 2015.
             Succumbed to an adder's poison
             ... on level 2 of the Dungeon.
             The game lasted 00:01:14 (1595 turns).

Duffy the Insei (Octopode Transmuter)               Turns: 1595, Time: 00:01:14

Health: 0/23       AC:  1    Str:  9    XL:     3   Next: 79%
Magic:  6/6        EV: 12    Int: 15    God:
Gold:   80         SH:  0    Dex: 13    Spells: 1 memorised, 5 levels left

rFire  . . .     SeeInvis .       - Unarmed
rCold  . . .     Clarity  .     (no shield)
rNeg   . . .     SustAt   .     (helmet restricted)
rPois  .         Gourm    .     (no amulet)
rElec  .         Spirit   .     (no ring)
rCorr  .         Warding  .     (no ring)
rMut   .         Stasis   .     (no ring)
MR     .....                    (no ring)
Stlth  ++........               (no ring)
                                (no ring)
                                (no ring)
                                (no ring)

@: lethally poisoned (0 -> -13), not resistant to hostile enchantments,
unstealthy
A: almost no armour, amphibious, 8 rings, constrict 8, camouflage 1, gelatinous
body 1
a: no special abilities


You were on level 2 of the Dungeon.
You were not hungry.

You visited 1 branch of the dungeon, and saw 2 of its levels.

You collected 80 gold pieces.


Innate Abilities, Weirdness & Mutations

You cannot wear most types of armour.
You are amphibious.
You can wear up to eight rings at the same time.
You can use your tentacles to constrict eight enemies at once.
Your skin changes colour to match your surroundings (Stealth).
Your rubbery body absorbs attacks (AC +1).


   Skills:
 - Level 1.0 Fighting
 - Level 2.0 Dodging
 + Level 4.6 Unarmed Combat
 - Level 2.0 Spellcasting
 - Level 2.0 Transmutations


You had 5 spell levels left.
You knew the following spells:

 Your Spells              Type           Power        Failure   Level  Hunger
a - Beastly Appendage     Trmt           #.....       12%         1    #......

Inventory:

Missiles
 a - 33 arrows
Scrolls
 d - a scroll of noise {unknown}
 e - 2 scrolls of teleportation {unknown}
 f - 2 scrolls of enchant armour {unknown}
 h - a scroll of blinking {unknown}
 j - a scroll of remove curse {unknown}
Potions
 g - a potion of heal wounds {unknown}
 i - 2 potions of curing {unknown}
 k - a potion of resistance {unknown}
 l - a potion of invisibility {unknown}
Books
 b - a book of Changes
Comestibles
 c - a bread ration

Dungeon Overview and Level Annotations

Branches:
Dungeon (2/15)

Altars:
Vehumet


Message History

The adder is heavily wounded.
The adder bites you. The ooze hits you. The adder closely misses you.
You are too injured to fight recklessly!
You are too injured to fight recklessly!
You are too injured to fight recklessly!
You are too injured to fight recklessly!
You are too injured to fight recklessly!
You are too injured to fight recklessly!
You are too injured to fight recklessly!
You are too injured to fight recklessly!
You are too injured to fight recklessly!
You are too injured to fight recklessly!
You are too injured to fight recklessly!
You are too injured to fight recklessly!
You are too injured to fight recklessly!
You are too injured to fight recklessly!
You are too injured to fight recklessly!
You are too injured to fight recklessly!
You are too injured to fight recklessly!
The adder barely misses you. The adder closely misses you.
You tentacle-slap the adder but do no damage.
Your grab misses the adder.
The adder is heavily wounded.
The adder bites you.
You are lethally poisoned!
The adder poisons you!
You closely miss the adder. You grab the adder.
The adder is heavily wounded.
You constrict the adder.
You feel sick. The adder bites you.
You are more poisoned.
The adder poisons you!
You bludgeon the adder!
You kill the adder!
You die...

#.### .. ..#...# .#
#.#.#.########## ..
#.#.#..........#
.##.#.#.#.######.###
...#.#.#.#....#.##.
..#.#.#.###..#.##.
#.#.#.#.)....#..'.
#@#.#.#......####.
#.#.#.#..........)
#SJ...............
###.#.#.#.........
#>..............
#...............
##..............
#.%.....####+#.
#..........# .


You could see an ooze and an adder.

Action                   || total
-------------------------++-------
Melee: Unarmed           ||    64
 Stab: Sleeping          ||     6
  Eat: Chunk             ||     2

Notes
Turn   | Place    | Note
--------------------------------------------------------------
     0 | D:1      | Duffy the Octopode Transmuter began the quest for the Orb.
     0 | D:1      | Reached XP level 1. HP: 13/13 MP: 3/3
   275 | D:1      | Reached XP level 2. HP: 13/18 MP: 5/5
  1037 | D:2      | Reached skill level 4 in Unarmed Combat
  1196 | D:2      | Found a radiant altar of Vehumet.
  1206 | D:2      | Reached XP level 3. HP: 23/23 MP: 6/6
  1595 | D:2      | Succumbed to an adder's poison

Vault maps used:
D:1:      dpeg_arrival_more_subterranean_lakeside_camping
D:2:      nicolae_overflow_crystal_walls, zin_statuary

Vanquished Creatures
  2 adders
  2 worms
  4 bats
  2 giant cockroaches
  5 goblins
  A hobgoblin
  5 kobolds
  A giant newt
  7 rats
29 creatures vanquished.
